 Dungeon Crawl Stone Soup version 0.28.0-53-g5a82cb258f (webtiles) character file.

Game seed: 15138900396090152363

54 tizbic2 the Skirmisher (level 3, 0/40 HPs)
             Began as an Ogre Monk on July 10, 2022.
             Slain by Pargi (3 damage)
             ... in a sewer.
             The game lasted 00:07:10 (2258 turns).

tizbic2 the Skirmisher (Ogre Monk)                  Turns: 2258, Time: 00:07:10

Health: 0/40       AC:  4    Str: 17    XL:     3   Next: 91%
Magic:  3/3        EV: 10    Int: 11    God:
Gold:   55         SH:  0    Dex: 11    Spells: 2/2 levels left

rFire   . . .      SeeInvis .     - Unarmed
rCold   . . .      Faith    .   (no shield)
rNeg    . . .      Spirit   .   g - +1 robe
rPois   .          Reflect  .   (helmet restricted)
rElec   .          Harm     .   (no cloak)
rCorr   .          Rampage  .   (gloves unavailable)
Will    .....                   (boots unavailable)
Stlth   ++........              (no amulet)
HPRegen 0.13/turn               (no ring)
MPRegen 0.08/turn               (no ring)

@: brilliant
A: large, unfitting armour, tough skin 1
a: no special abilities


You were in a sewer.
You visited 1 branch of the dungeon, and saw 3 of its levels.
You also visited: Sewer.

You collected 55 gold pieces.

Inventory:

Missiles
 b - 28 stones (quivered)
 e - 8 poisoned darts
Armour
 g - a +1 robe (worn)
Scrolls
 a - a scroll of noise
 i - a scroll of fog
 k - a scroll of amnesia
 l - a scroll of summoning
 n - a scroll of identify
Potions
 c - 2 potions of degeneration {unknown}
 d - a potion of attraction {unknown}
 f - a potion of haste {unknown}
 h - a potion of brilliance
 j - a potion of cancellation {unknown}
 m - a potion of lignification {unknown}
 o - a potion of mutation {unknown}
 p - a potion of heal wounds {unknown}


   Skills:
 + Level 4.5 Fighting
 * Level 1.9 Throwing
 - Level 2.8 Dodging
 - Level 1.4 Stealth
 * Level 3.3 Unarmed Combat


You had 2 spell levels left.
You didn't know any spells.
Your spell library was empty.

Dungeon Overview and Level Annotations

Branches:
Dungeon (3/15)              Sewer (1/1)

Altars:

Annotations:
Sewer Pargi


Innate Abilities, Weirdness & Mutations

You are too large for most types of armour.
You have tough skin. (AC +1)


Message History

The helpless Pargi fails to defend himself.
You hit Pargi.
Pargi is lightly wounded.
Pargi barely misses you. Pargi claws you. x2
You closely miss Pargi.
Pargi is lightly wounded.
Pargi bites you! Pargi claws you but does no damage. Pargi misses you.
You hit Pargi.
Pargi is lightly wounded.
Pargi barely misses you. Pargi claws you. Pargi closely misses you.
You hit Pargi.
Pargi is moderately wounded.
Pargi bites you. Pargi claws you but does no damage. x2
You closely miss Pargi.
Pargi is lightly wounded.
Pargi bites you but does no damage. Pargi claws you. Pargi closely misses you.
You punch Pargi!
Pargi is moderately wounded.
Pargi bites you but does no damage. Pargi barely misses you.
Pargi claws you but does no damage.
You barely miss Pargi.
Pargi is moderately wounded.
Pargi bites you. Pargi claws you. Pargi closely misses you.
You barely miss Pargi.
Pargi is moderately wounded.
Pargi bites you!
* * * LOW HITPOINT WARNING * * *
Pargi claws you but does no damage. Pargi closely misses you.
You closely miss Pargi.
Pargi is moderately wounded.
Pargi bites you but does no damage. Pargi barely misses you. Pargi claws you.
* * * LOW HITPOINT WARNING * * *
You punch Pargi!
Pargi is heavily wounded.
Pargi barely misses you. Pargi claws you but does no damage. Pargi claws you.
* * * LOW HITPOINT WARNING * * *
It was a potion of brilliance.
You feel clever all of a sudden. Pargi bites you.
You die...

####.≈≈≈.####
####.≈≈≈.#
#..'.≈≈≈.+
####.≈≈≈.#
####.≈≈≈.#
#.)'.≈≈≈.+
####.≈≈≈.#
####.≈≈≈.#
#$T@.≈≈≈.+
##########
≈≈≈# ≈≈≈#
≈≈≈# ≈≈≈#
≈≈≈# ≈≈≈#


You could see Pargi.

Vanquished Creatures
  2 worms (D:2)
  4 dart slugs
  5 ball pythons
  3 endoplasms (D:1)
  A giant cockroach (D:2)
  A goblin (D:2)
  4 hobgoblins
  A quokka (D:1)
  2 bats
  A frilled lizard (D:2)
  9 kobolds
  6 rats
39 creatures vanquished.

Notes
Turn   | Place    | Note
-------+----------+-------------------------------------------
     0 | D:1      | tizbic2 the Ogre Monk began the quest for the Orb.
     0 | D:1      | Reached XP level 1. HP: 24/24 MP: 1/1
   130 | D:1      | Reached XP level 2. HP: 13/32 MP: 2/2
   475 | D:1      | Found a faded altar of an unknown god.
   490 | D:1      | Reached skill level 1 in Throwing
  1093 | D:2      | Reached XP level 3. HP: 39/39 MP: 3/3
  2145 | D:3      | Found a glowing drain.
  2160 | Sewer    | Entered a sewer
  2228 | Sewer    | Noticed Pargi
  2258 | Sewer    | Slain by Pargi

Illustrated notes

Levels and vault maps discovered:
D:1:      minmay_arrival_shattered_statue, layout_rooms,
          ebering_ecumenical_altar_sacrificial
D:2:      layout_basic, serial_bayou_ford_a
D:3:      gammafunk_wand_slinger, layout_basic, portal_sewer_entry_a
Sewer:    kennysheep_door_sewer

Skill      XL: |  1  2 |
---------------+-------+-----
Throwing       | 1 |  1.9
Unarmed Combat | 3 |  3.3
Fighting       | |  4.5
Dodging        | |  2.8
Stealth        | |  1.4

Action                   || total
-------------------------++-------
Melee: Unarmed           ||   114
       Punch             ||     2
Throw: Stone             ||    86
  Use: Scroll            ||     5
       Potion            ||     1
 Stab: Sleeping          ||     2
Armor: Robe              ||    25
Dodge: Dodged            ||    47
